| TOP OF THE 1ST |
|
Montreal Expos batting - Pitching for Boston Red Sox : LHP Ragnar Danielsson
|
|
Pitching: LHP Ragnar Danielsson
|
|
|
Batting: RHB Robby Juarez
|
0-0: Swinging Strike 0-1: Ball 1-1: Ball 2-1: Foul Ball, location: 2F 2-2: Foul Ball, location: 2F 2-2: Foul Ball, location: 2F 2-2: Strikes out looking
|
|
Batting: SHB Pete Barutha
|
0-0: Called Strike 0-1: Ball 1-1: Called Strike 1-2: SINGLE (Flyball, 9S, EV 92.5 MPH)
|
|
Batting: RHB Mike Salmon
|
0-0: Swinging Strike 0-1: 2-RUN HOME RUN (Flyball, 78XD, EV 110.0 MPH), Distance : 410 ft
|
|
Batting: RHB Hugo Bautista
|
0-0: Ground out 1-3 (Groundball, 13, EV 65.0 MPH)
|
|
Batting: LHB Steve Anderson
|
0-0: Called Strike 0-1: Swinging Strike 0-2: Ball 1-2: Strikes out swinging
|
| Top of the 1st over - 2 runs, 2 hits, 0 errors, 0 left on base; Montreal 2 - Boston 0 |
| BOTTOM OF THE 1ST |
|
Boston Red Sox batting - Pitching for Montreal Expos : LHP Brian White
|
|
Pitching: LHP Brian White
|
|
|
Batting: SHB Robbie Rogers
|
0-0: Ball 1-0: Called Strike 1-1: Called Strike 1-2: Ground out 6-3 (Groundball, 6M, EV 108.1 MPH)
|
|
Batting: LHB Kevin McCormic Jr.
|
0-0: Called Strike 0-1: Swinging Strike 0-2: Strikes out looking
|
|
Batting: SHB Mark Rennie
|
0-0: Foul Ball, location: 2F 0-1: Ball 1-1: Fly out, F7 (Flyball, 7S, EV 78.8 MPH)
|
| Bottom of the 1st over - 0 runs, 0 hits, 0 errors, 0 left on base; Montreal 2 - Boston 0 |
| TOP OF THE 2ND |
|
Montreal Expos batting - Pitching for Boston Red Sox : LHP Ragnar Danielsson
|
|
Batting: RHB John Ham
|
0-0: Called Strike 0-1: Called Strike 0-2: Foul Ball, location: 2F 0-2: Ball 1-2: Ball 2-2: Ball 3-2: Fly out, F8 (Flyball, 8RXD, EV 90.0 MPH)
|
|
Batting: SHB Bran Stark
|
0-0: Ground out 6-3 (Groundball, 6, EV 105.0 MPH)
|
|
Batting: RHB Nick Sharp
|
0-0: Ball 1-0: Ball 2-0: Swinging Strike 2-1: Fly out, F8 (Flyball, 78M, EV 91.3 MPH)
|
| Top of the 2nd over - 0 runs, 0 hits, 0 errors, 0 left on base; Montreal 2 - Boston 0 |
| BOTTOM OF THE 2ND |
|
Boston Red Sox batting - Pitching for Montreal Expos : LHP Brian White
|
|
Batting: SHB Rich Chavez
|
0-0: Called Strike 0-1: Foul Ball, location: 2F 0-2: Ball 1-2: Fly out, F8 (Line Drive, 8RM, EV 87.5 MPH)
|
|
Batting: RHB Chris Lane
|
0-0: Called Strike 0-1: Ball 1-1: Ball 2-1: Swinging Strike 2-2: Foul Ball, location: 2F 2-2: Foul Ball, location: 2F 2-2: SINGLE (Line Drive, 3D, EV 98.8 MPH)
|
|
Batting: RHB Manny Vergara
|
0-0: Ball 1-0: Called Strike 1-1: Ball 2-1: Ball 3-1: Foul Ball, location: 2F 3-2: SINGLE (Groundball, 6MD, EV 98.1 MPH) Chris Lane to second Runner from 2nd tries for 3rd, SAFE, throw by CF made to third Manny Vergara to second
|
|
Batting: RHB Nick Esteves
|
0-0: Ball 1-0: Foul Ball, location: 2F 1-1: Swinging Strike 1-2: Ball 2-2: Strikes out swinging
|
|
Batting: LHB Xavier Pittman
|
0-0: Ball 1-0: Called Strike 1-1: Swinging Strike 1-2: Strikes out swinging
|
| Bottom of the 2nd over - 0 runs, 2 hits, 0 errors, 2 left on base; Montreal 2 - Boston 0 |
| TOP OF THE 3RD |
|
Montreal Expos batting - Pitching for Boston Red Sox : LHP Ragnar Danielsson
|
|
Batting: RHB Jesse Basich
|
0-0: Ball 1-0: Swinging Strike 1-1: Ball 2-1: Foul Ball, location: 2F 2-2: Fly out, F8 (Flyball, 8LS, EV 90.0 MPH)
|
|
Batting: RHB Robby Juarez
|
0-0: Fly out, F8 (Flyball, 78M, EV 96.9 MPH)
|
|
Batting: SHB Pete Barutha
|
0-0: Ball 1-0: Ball 2-0: Ball 3-0: Foul Ball, location: 2F 3-1: Foul Ball, location: 2F 3-2: Strikes out swinging
|
| Top of the 3rd over - 0 runs, 0 hits, 0 errors, 0 left on base; Montreal 2 - Boston 0 |
| BOTTOM OF THE 3RD |
|
Boston Red Sox batting - Pitching for Montreal Expos : LHP Brian White
|
|
Batting: SHB Brace Harper
|
0-0: Ball 1-0: Called Strike 1-1: Ground out 5-3 (Groundball, 56, EV 86.9 MPH)
|
|
Batting: SHB Robbie Rogers
|
0-0: Ball 1-0: Fly out, F8 (Flyball, 89D, EV 81.3 MPH)
|
|
Batting: LHB Kevin McCormic Jr.
|
0-0: Called Strike 0-1: Foul Ball, location: 2F 0-2: Ball 1-2: Foul Ball, location: 2F 1-2: Foul Ball, location: 2F 1-2: Ball 2-2: Fly out, F7 (Flyball, 78D, EV 96.9 MPH)
|
| Bottom of the 3rd over - 0 runs, 0 hits, 0 errors, 0 left on base; Montreal 2 - Boston 0 |
| TOP OF THE 4TH |
|
Montreal Expos batting - Pitching for Boston Red Sox : LHP Ragnar Danielsson
|
|
Batting: RHB Mike Salmon
|
0-0: Ball 1-0: Fly out, F8 (Flyball, 89M, EV 98.8 MPH)
|
|
Batting: RHB Hugo Bautista
|
0-0: Ball 1-0: Fly out, F8 (Line Drive, 8LM, EV 98.1 MPH)
|
|
Batting: LHB Steve Anderson
|
0-0: Ball 1-0: Called Strike 1-1: DOUBLE (Line Drive, 8RXD, EV 104.4 MPH)
|
|
Batting: RHB John Ham
|
0-0: Ball 1-0: Swinging Strike 1-1: Ball 2-1: Fly out, F4 (Line Drive, 4, EV 70.6 MPH)
|
| Top of the 4th over - 0 runs, 1 hit, 0 errors, 1 left on base; Montreal 2 - Boston 0 |
| BOTTOM OF THE 4TH |
|
Boston Red Sox batting - Pitching for Montreal Expos : LHP Brian White
|
|
Batting: SHB Mark Rennie
|
0-0: Called Strike 0-1: Foul Ball, location: 2F 0-2: Ball 1-2: Ball 2-2: Ball 3-2: Foul Ball, location: 2F 3-2: Fly out, F3 (Flyball, 34D, EV 78.8 MPH)
|
|
Batting: SHB Rich Chavez
|
0-0: Foul Ball, location: 2F 0-1: Ball 1-1: Ball 2-1: Foul Ball, location: 2F 2-2: Foul Ball, location: 2F 2-2: Ball 3-2: Foul Ball, location: 2F 3-2: Foul Ball, location: 2F 3-2: Strikes out looking
|
|
Batting: RHB Chris Lane
|
0-0: Ball 1-0: Swinging Strike 1-1: Swinging Strike 1-2: Ball 2-2: Fly out, F9 (Flyball, 9LD, EV 86.3 MPH)
|
| Bottom of the 4th over - 0 runs, 0 hits, 0 errors, 0 left on base; Montreal 2 - Boston 0 |
| TOP OF THE 5TH |
|
Montreal Expos batting - Pitching for Boston Red Sox : LHP Ragnar Danielsson
|
|
Batting: SHB Bran Stark
|
0-0: Ball 1-0: Ball 2-0: Foul Ball, location: 2F 2-1: Foul Ball, location: 2F 2-2: Strikes out swinging
|
|
Batting: RHB Nick Sharp
|
0-0: Ball 1-0: Ball 2-0: Ball 3-0: Called Strike 3-1: Ground out 6-3 (Groundball, 6, EV 81.9 MPH)
|
|
Batting: RHB Jesse Basich
|
0-0: Ball 1-0: Called Strike 1-1: Ball 2-1: Ball 3-1: Swinging Strike 3-2: Foul Ball, location: 2F 3-2: Strikes out swinging
|
| Top of the 5th over - 0 runs, 0 hits, 0 errors, 0 left on base; Montreal 2 - Boston 0 |
| BOTTOM OF THE 5TH |
|
Boston Red Sox batting - Pitching for Montreal Expos : LHP Brian White
|
|
Batting: RHB Manny Vergara
|
0-0: Foul Ball, location: 2F 0-1: Ball 1-1: Foul Ball, location: 2F 1-2: Foul Ball, location: 2F 1-2: Foul Ball, location: 2F 1-2: Ground out 5-3 (Groundball, 5S, EV 81.9 MPH)
|
|
Batting: RHB Nick Esteves
|
0-0: Foul Ball, location: 2F 0-1: Ball 1-1: SINGLE (Line Drive, 34, EV 95.0 MPH)
|
|
Batting: LHB Xavier Pittman
|
0-0: Ball 1-0: Ball 2-0: Foul Ball, location: 2F 2-1: Called Strike 2-2: Fly out, F9 (Flyball, 9S, EV 93.8 MPH)
|
|
Batting: SHB Brace Harper
|
0-0: Called Strike 0-1: Called Strike 0-2: Ball 1-2: Ground out 1-3 (Groundball, 25, EV 73.1 MPH)
|
| Bottom of the 5th over - 0 runs, 1 hit, 0 errors, 1 left on base; Montreal 2 - Boston 0 |
| TOP OF THE 6TH |
|
Montreal Expos batting - Pitching for Boston Red Sox : LHP Ragnar Danielsson
|
|
Batting: RHB Robby Juarez
|
0-0: Fly out, F8 (Flyball, 8RXD, EV 106.3 MPH)
|
|
Batting: SHB Pete Barutha
|
0-0: SINGLE (Line Drive, 7LS, EV 105.0 MPH)
|
|
Batting: RHB Mike Salmon
|
0-0: Ball 1-0: Ball 2-0: Ball 3-0: Base on Balls Pete Barutha to second
|
|
Batting: RHB Hugo Bautista
|
0-0: Ball 1-0: Ground out 6-3 (Groundball, P, EV 86.3 MPH) Pete Barutha to third Mike Salmon to second
|
|
Batting: LHB Steve Anderson
|
0-0: Ball 1-0: Ball 2-0: Fly out, F5 (Popup, 5F, EV 76.3 MPH)
|
| Top of the 6th over - 0 runs, 1 hit, 0 errors, 2 left on base; Montreal 2 - Boston 0 |
| BOTTOM OF THE 6TH |
|
Boston Red Sox batting - Pitching for Montreal Expos : LHP Brian White
|
|
Batting: SHB Robbie Rogers
|
0-0: Foul Ball, location: 2F 0-1: Ball 1-1: Ground out 5-3 (Groundball, 6S, EV 90.0 MPH)
|
|
Batting: LHB Kevin McCormic Jr.
|
0-0: Foul Ball, location: 2F 0-1: Foul Ball, location: 2F 0-2: Strikes out swinging
|
|
Batting: SHB Mark Rennie
|
0-0: Fly out, F9 (Flyball, 9, EV 90.0 MPH)
|
| Bottom of the 6th over - 0 runs, 0 hits, 0 errors, 0 left on base; Montreal 2 - Boston 0 |
| TOP OF THE 7TH |
|
Montreal Expos batting - Pitching for Boston Red Sox : LHP Ragnar Danielsson
|
|
Batting: RHB John Ham
|
0-0: Called Strike 0-1: Called Strike 0-2: Strikes out swinging
|
|
Batting: SHB Bran Stark
|
0-0: Called Strike 0-1: Ball 1-1: Called Strike 1-2: Ball 2-2: Foul Ball, location: 2F 2-2: Ball 3-2: Foul Ball, location: 2F 3-2: Foul Ball, location: 2F 3-2: Foul Ball, location: 2F 3-2: Foul Ball, location: 2F 3-2: DOUBLE (Line Drive, 89M, EV 94.4 MPH)
|
|
Batting: RHB Nick Sharp
|
0-0: Called Strike 0-1: Foul Ball, location: 2F 0-2: Ball 1-2: Ball 2-2: Strikes out swinging
|
|
Pitching: RHP T.J. Balko
|
|
|
Batting: RHB Jesse Basich
|
0-0: Ball 1-0: Ground out 5-3 (Groundball, 5L, EV 88.1 MPH)
|
| Top of the 7th over - 0 runs, 1 hit, 0 errors, 1 left on base; Montreal 2 - Boston 0 |
| BOTTOM OF THE 7TH |
|
Boston Red Sox batting - Pitching for Montreal Expos : LHP Brian White
|
|
Batting: SHB Rich Chavez
|
0-0: Foul Ball, location: 2F 0-1: Called Strike 0-2: Ball 1-2: Strikes out swinging
|
|
Batting: RHB Chris Lane
|
0-0: Ball 1-0: Ball 2-0: Ball 3-0: Called Strike 3-1: Base on Balls
|
|
Batting: RHB Manny Vergara
|
0-0: Ball 1-0: Called Strike 1-1: Ball 2-1: Ball 3-1: Fly out, F8 (Flyball, 78M, EV 86.9 MPH)
|
|
Batting: RHB Nick Esteves
|
0-0: Ball 1-0: SINGLE (Groundball, 6D, EV 109.4 MPH) Chris Lane to second
|
|
Pinch Runner at 2nd Won-jun Park:
|
|
|
Batting: LHB Xavier Pittman
|
0-0: Ball 1-0: Foul Ball, location: 2F 1-1: Swinging Strike 1-2: Ball 2-2: Foul Ball, location: 2F 2-2: Strikes out looking
|
| Bottom of the 7th over - 0 runs, 1 hit, 0 errors, 2 left on base; Montreal 2 - Boston 0 |
| TOP OF THE 8TH |
|
Montreal Expos batting - Pitching for Boston Red Sox : RHP T.J. Balko
|
|
Now at 1B: Rich Chavez
|
|
|
Now at 3B: Won-jun Park
|
|
|
Batting: RHB Robby Juarez
|
0-0: Ball 1-0: Called Strike 1-1: TRIPLE (Line Drive, 89XD, EV 108.1 MPH)
|
|
Batting: SHB Pete Barutha
|
0-0: Called Strike 0-1: Swinging Strike 0-2: Strikes out looking
|
|
Batting: RHB Mike Salmon
|
0-0: Foul Ball, location: 2F 0-1: Foul Ball, location: 2F 0-2: TRIPLE (Groundball, 3L, EV 103.8 MPH) Robby Juarez scores
|
|
Batting: RHB Hugo Bautista
|
0-0: Foul Ball, location: 2F 0-1: Ground out 4-3 (Groundball, 4, EV 88.8 MPH) Mike Salmon scores
|
|
Batting: LHB Steve Anderson
|
0-0: Ball 1-0: Ground out 4-3 (Groundball, 4, EV 78.1 MPH)
|
| Top of the 8th over - 2 runs, 2 hits, 0 errors, 0 left on base; Montreal 4 - Boston 0 |
| BOTTOM OF THE 8TH |
|
Boston Red Sox batting - Pitching for Montreal Expos : LHP Brian White
|
|
Pitching: RHP Jeff Urry
|
|
|
Batting: SHB Brace Harper
|
0-0: Called Strike 0-1: Ball 1-1: Ball 2-1: Foul Ball, location: 2F 2-2: Ground out 4-3 (Groundball, 4D, EV 107.5 MPH)
|
|
Batting: SHB Robbie Rogers
|
0-0: Ball 1-0: Ball 2-0: Fly out, F7 (Line Drive, 7, EV 100.6 MPH)
|
|
Batting: LHB Kevin McCormic Jr.
|
0-0: Ball 1-0: Ball 2-0: Fly out, F7 (Flyball, 7D, EV 105.6 MPH)
|
| Bottom of the 8th over - 0 runs, 0 hits, 0 errors, 0 left on base; Montreal 4 - Boston 0 |
| TOP OF THE 9TH |
|
Montreal Expos batting - Pitching for Boston Red Sox : RHP T.J. Balko
|
|
Batting: RHB John Ham
|
0-0: Ball 1-0: Swinging Strike 1-1: Ball 2-1: Swinging Strike 2-2: Fly out, F8 (Line Drive, 8LM, EV 102.5 MPH)
|
|
Batting: SHB Bran Stark
|
0-0: Swinging Strike 0-1: Ball 1-1: Ball 2-1: Swinging Strike 2-2: Ball 3-2: Strikes out swinging
|
|
Batting: RHB Nick Sharp
|
0-0: Ball 1-0: Ground out U3 (Groundball, 34, EV 94.4 MPH)
|
| Top of the 9th over - 0 runs, 0 hits, 0 errors, 0 left on base; Montreal 4 - Boston 0 |
| BOTTOM OF THE 9TH |
|
Boston Red Sox batting - Pitching for Montreal Expos : RHP Jeff Urry
|
|
Pitching: RHP Alan Taylor
|
|
|
Batting: SHB Mark Rennie
|
0-0: Called Strike 0-1: Called Strike 0-2: Foul Ball, location: 2F 0-2: Ground out 3-1 (Groundball, 34S, EV 83.8 MPH)
|
|
Batting: SHB Rich Chavez
|
0-0: Ball 1-0: DOUBLE (Line Drive, 78D, EV 105.0 MPH)
|
|
Batting: RHB Won-jun Park
|
0-0: Foul Ball, location: 2F 0-1: Ground out 4-3 (Groundball, 4S, EV 64.4 MPH) Rich Chavez to third
|
|
Batting: RHB Manny Vergara
|
0-0: Fly out, F8 (Flyball, 8LM, EV 86.3 MPH)
|
| Bottom of the 9th over - 0 runs, 1 hit, 0 errors, 1 left on base; Montreal 4 - Boston 0 |
|